 Dungeon Crawl Stone Soup version 0.18-a0-1539-g1c7284a (webtiles) character file.

133 M4edhros the Sneak (level 5, 0/33 HPs)
             Began as an Octopode Artificer on Mar 9, 2016.
             Splashed by a jelly's acid (8 damage)
             ... on level 4 of the Dungeon.
             The game lasted 00:02:16 (2313 turns).

M4edhros the Sneak (Octopode Artificer)             Turns: 2313, Time: 00:02:17

Health: 0/33       AC: -3    Str: 10    XL:     5   Next: 16%
Magic:  7/7        EV: 12    Int: 15    God:
Gold:   62         SH:  0    Dex: 13    Spells: 0 memorised, 4 levels left

rFire  . . .     SeeInvis .     (no weapon)
rCold  . . .     Gourm    .     (no shield)
rNeg   . . .     Faith    .     (helmet restricted)
rPois  .         Spirit   .     (no amulet)
rElec  .         Dismiss  .     (no ring)
rCorr  .         Reflect  .     (no ring)
SustAt .         Harm     .     (no ring)
MR     .....                    (no ring)
Stlth  +++++.....               (no ring)
                                (no ring)
                                (no ring)
                                (no ring)

@: corroded equipment, not resistant to hostile enchantments, quite stealthy
A: almost no armour, amphibious, 8 rings, constrict 8, camouflage 1, gelatinous
body 1
a: no special abilities


You were on level 4 of the Dungeon.
You were very hungry.

You visited 1 branch of the dungeon, and saw 4 of its levels.

You collected 62 gold pieces.

Inventory:

Missiles
 m - 13 sling bullets
Wands
 b - a wand of flame (11/48)
 c - a wand of enslavement (15/24)
 d - a wand of random effects (12/48)
Scrolls
 h - a scroll of blinking {unknown}
 i - 2 scrolls of fear {unknown}
 j - 4 scrolls of identify {unknown}
 o - a scroll of teleportation {unknown}
 p - 3 scrolls of recharging {unknown}
 r - a scroll of immolation {unknown}
Potions
 a - a potion of berserk rage {unknown}
 e - a potion of resistance {unknown}
 g - a potion of agility {unknown}
 k - 2 potions of lignification {unknown}
 q - a potion of flight {unknown}
Comestibles
 f - 3 bread rations
 l - a royal jelly
 n - a beef jerky


   Skills:
 - Level 1.0 Fighting
   Level 1.0 Short Blades
 - Level 2.0 Dodging
 + Level 7.0 Stealth
 - Level 3.2 Evocations


You had 4 spell levels left.
You didn't know any spells.

Dungeon Overview and Level Annotations

Branches:
Dungeon (4/15)
 Temple: D:4-7

Altars:
Dithmenos

Annotations:
D:3 exclusion: black bear


Innate Abilities, Weirdness & Mutations

You cannot wear most types of armour.
You are amphibious.
You can wear up to eight rings at the same time.
You can use your tentacles to constrict eight enemies at once.
Your skin changes colour to match your surroundings (Stealth).
Your rubbery body absorbs attacks (AC +1).


Message History

HP restored.
The jelly is too close now for your liking.
A jelly is nearby!
A jelly is nearby!
The jelly quivers.
You tentacle-slap the jelly.
Your tentacles burn!
The jelly is lightly wounded.
The jelly hits you but does no damage.
You tentacle-slap the jelly.
Your tentacles burn!
The jelly is moderately wounded.
The jelly hits you.
You are splashed with acid!
The acid corrodes you!
The acid burns!
You tentacle-slap the jelly but do no damage.
Your tentacles burn!
You squeeze the jelly.
The jelly is moderately wounded.
The jelly hits you.
You are splashed with acid!
The acid burns!
The jelly hits you.
* * * LOW HITPOINT WARNING * * *
You are splashed with acid!
The acid burns!
You die...

#.###.##.# #.#
#........# ##.##
#####.#### ##...##
#.#######.....#####
#......###.........
######.# ##.#######
##.###...#
#......#.#
##.###@..# ###
##J## #.# #.# #.#
#.# #.# #.# ...


You could see a jelly.

Vanquished Creatures
  A giant frog skeleton (D:4)
  An orc wizard (D:4)
  A worker ant (D:3)
  3 worms
  A dart slug (D:1)
  A giant gecko (D:2)
  4 orcs
  A ball python (D:3)
  A bat (D:3)
  3 giant cockroaches
  4 goblins
  8 hobgoblins
  A quokka (D:3)
  A giant newt (D:1)
  4 kobolds
  4 rats (D:1)
39 creatures vanquished.

Notes
Turn   | Place    | Note
--------------------------------------------------------------
     0 | D:1      | M4edhros the Octopode Artificer began the quest for the Orb.
     0 | D:1      | Reached XP level 1. HP: 13/13 MP: 3/3
    66 | D:1      | Reached skill level 2 in Stealth
   175 | D:1      | Reached XP level 2. HP: 9/18 MP: 4/4
   221 | D:1      | Reached skill level 3 in Stealth
   942 | D:2      | Reached skill level 4 in Stealth
   996 | D:2      | Reached XP level 3. HP: 12/23 MP: 5/5
  1572 | D:3      | Found a shadowy altar of Dithmenos.
  1617 | D:3      | Noticed a black bear
  1687 | D:3      | Reached skill level 5 in Stealth
  1687 | D:3      | Reached XP level 4. HP: 8/28 MP: 6/6
  1959 | D:4      | Reached skill level 6 in Stealth
  2040 | D:4      | Reached skill level 7 in Stealth
  2040 | D:4      | Reached XP level 5. HP: 4/33 MP: 7/7
  2313 | D:4      | Splashed by a jelly's acid

Vault maps used:
D:1:      saegor_arrival_simple_d, st_stairs_13
D:2:      lemuel_doored_altar, first_bread, gammafunk_pakellas_cloud_experiment
D:3:      cheibrodos_ashenzari_chains, grunt_dithmenos_smoke
D:4:      led_xom_imps, serial_undead, serial_undead_f, serial_undead_e,
          serial_undead_b, serial_undead_f, serial_undead_d, serial_undead_c,
          serial_undead_f, serial_undead_e

Skill      XL: |  1  2  3  4 |
---------------+-------------+-----
Stealth        | 2 4 5 7 |  7.0
Fighting       | |  1.0
Short Blades   | |  1.0
Dodging        | |  2.0
Evocations     | |  3.2

Action                   |  1- 3 |  4- 6 || total
-------------------------+-------+-------++-------
Melee: Unarmed           |    83 |    24 ||   107
Evoke: Wand              |     4 |     3 ||     7
 Stab: Sleeping          |     7 |       ||     7
       Distracted        |     1 |       ||     1
  Eat: Chunk             |     2 |     1 ||     3
